 Dungeon Crawl Stone Soup version 0.18.1-8-gdd0e5ea (webtiles) character file.

60 mistymad the Shield-Bearer (level 4, 0/28 HPs)
             Began as a Gargoyle Fighter on May 21, 2016.
             Killed from afar by Sigmund (6 damage)
             ... with a puff of flame
             ... on level 2 of the Dungeon.
             The game lasted 00:03:19 (1157 turns).

mistymad the Shield-Bearer (Gargoyle Fighter)       Turns: 1157, Time: 00:03:20

Health: 0/28       AC: 11    Str: 25    XL:     4   Next: 6%
Magic:  4/4        EV:  8    Int:  8    God:
Gold:   99         SH: 10    Dex: 10    Spells: 0 memorised, 3 levels left

rFire  . . .     SeeInvis .     a - +0 flail
rCold  . . .     Gourm    .     b - +0 scale mail
rNeg   + . .     Faith    .     c - +0 shield
rPois  ∞         Spirit   .     (no helmet)
rElec  +         Dismiss  .     (no cloak)
rCorr  .         Reflect  .     k - +0 pair of gloves (curse)
SustAt .         Harm     .     (no boots)
MR     .....                    i - amulet of rage
Stlth  ..........               (no ring)
                                (no ring)

@: mighty, not resistant to hostile enchantments, extremely unstealthy
A: negative energy resistance 1, electricity resistance, unbreathing,
petrification resistance, rot immunity, AC +3
a: Evoke Berserk Rage


You were on level 2 of the Dungeon.
You were very hungry.

You visited 1 branch of the dungeon, and saw 2 of its levels.

You collected 99 gold pieces.

Inventory:

Hand Weapons
 a - a +0 flail (weapon)
Armour
 b - a +0 scale mail (worn)
 c - a +0 shield (worn)
 k - a cursed +0 pair of gloves (worn)
Jewellery
 i - an amulet of rage (around neck)
 j - an uncursed amulet of guardian spirit {unknown}
Scrolls
 e - a scroll of identify {unknown}
 g - a scroll of noise {unknown}
 h - a scroll of fog {unknown}
 m - a scroll of teleportation {unknown}
 n - 2 scrolls of remove curse {unknown}
Potions
 p - a potion of curing {unknown}
Comestibles
 f - 4 bread rations
 l - 2 meat rations


   Skills:
 + Level 3.6 Fighting
 + Level 2.4 Maces & Flails
 + Level 3.8 Armour
 + Level 0.5 Dodging
 + Level 4.0 Shields


You had 3 spell levels left.
You didn't know any spells.

Dungeon Overview and Level Annotations

Branches:
Dungeon (2/15)

Altars:
Fedhas

Annotations:
D:2 Sigmund


Innate Abilities, Weirdness & Mutations

You are resistant to torment.
Your stone body is resilient (AC +3).
You are immune to poison.
You resist negative energy.
You are resistant to electric shocks.
You can survive without breathing.
You are immune to petrification.
You are immune to rotting.


Message History

Something tries to affect you, but you resist.
You closely miss something. The goblin hits you but does no damage.
Something hits you but does no damage. The goblin hits you but does no damage.
You closely miss something. Something hits you but does no damage.
The goblin barely misses you.
Your shield prevents you from hitting something.
You block the goblin's attack. Something hits you but does no damage.
You hit something. The goblin hits you but does no damage.
Something hits you but does no damage. The goblin hits you but does no damage.
You barely miss something. You block the goblin's attack.
Something hits you but does no damage.
You miss something. The goblin hits you but does no damage. Something hits you.
* * * LOW HITPOINT WARNING * * *
You miss something. The goblin barely misses you.
The goblin hits you but does no damage.
You sock something!
You hear some strange, mumbled words.
A puff of flame appears from out of thin air!
The puff of flame hits you!
You die...

≈≈## ≈≈≈# ≈≈##
.#########≈≈#
.........#≈≈##
.........'...#
......{.†'...#
.......@.'...# #####
.......g.#≈≈.#######.≈.≈
.#########≈≈........≈.≈≈
#..≈≈≈######....≈_.
+..≈≈≈####......≈..
#..≈≈#.............
####..≈≈#.###.#.......
......≈≈#. #.#..)....
.....≈≈≈# #.#.......


You could see a goblin.

Vanquished Creatures
  Natasha (D:2)
  2 dart slugs (D:1)
  2 giant geckos (D:1)
  A giant cockroach (D:1)
  3 goblins
  6 hobgoblins (D:1)
  2 jackals (D:2)
  A kobold (D:2)
  2 ball pythons
  4 bats (D:1)
  3 giant newts (D:1)
  2 rats (D:1)
29 creatures vanquished.

Notes
Turn   | Place    | Note
--------------------------------------------------------------
     0 | D:1      | mistymad the Gargoyle Fighter began the quest for the Orb.
     0 | D:1      | Reached XP level 1. HP: 14/14 MP: 1/1
    82 | D:1      | Reached XP level 2. HP: 19/19 MP: 2/2
   331 | D:1      | Reached XP level 3. HP: 9/23 MP: 3/3
  1087 | D:2      | Noticed Natasha
  1088 | D:2      | Found a blossoming altar of Fedhas.
  1100 | D:2      | Killed Natasha
  1100 | D:2      | Reached skill level 4 in Shields
  1127 | D:2      | Noticed Sigmund
  1129 | D:2      | Reached XP level 4. HP: 26/28 MP: 4/4
  1157 | D:2      | Killed from afar by Sigmund

Skill      XL: |  1  2  3 |
---------------+----------+-----
Shields        | 4 |  4.0
Fighting       | |  3.6
Maces & Flails | |  2.4
Armour         | |  3.8
Dodging        | |  0.5

Action                   |  1- 3 |  4- 6 || total
-------------------------+-------+-------++-------
Melee: Flail             |   105 |    25 ||   130
       Unarmed           |     3 |       ||     3
  Use: Potion            |       |     1 ||     1
Armor: Scale mail        |    50 |    29 ||    79
       Skin              |     1 |       ||     1
Dodge: Dodged            |    36 |     5 ||    41
Block: Shield            |    61 |    16 ||    77
